 Dungeon Crawl Stone Soup version 0.24-a0-264-gf46a388 (webtiles) character file.

Game seed: 13347314548597648843

251 galech the Chopper (level 5, -2/42 HPs)
             Began as a Demonspawn Fighter on Apr 19, 2019.
             Was an Initiate of Okawaru.
             Slain by an ogre
             ... wielding a +0 giant club
              (14 damage)
             ... on level 4 of the Dungeon.
             The game lasted 00:04:03 (3512 turns).

galech the Chopper (Demonspawn Fighter)             Turns: 3512, Time: 00:04:04

Health: -2/42      AC: 13    Str: 16    XL:     5   Next: 88%
Magic:  5/5        EV:  2    Int:  9    God:    Okawaru [......]
Gold:   197        SH:  9    Dex: 14    Spells: 4/4 levels left

rFire    . . .     SeeInvis .   o - +1 war axe (chop)
rCold    . . .     Gourm    .   c - +0 shield
rNeg     . . .     Faith    .   e - +0 plate armour
rPois    .         Spirit   .   (no helmet)
rElec    .         Reflect  .   g - +0 cloak
rCorr    +         Harm     .   (no gloves)
MR       .....                  (no boots)
Stlth    ..........             (no amulet)
HPRegen  0.14/turn              r - ring of resist corrosion
MPRegen  0.09/turn              (no ring)

@: no status effects
A: rugged brown scales 1, powered by death 1
a: Renounce Religion


You were on level 4 of the Dungeon.
You worshipped Okawaru.
Okawaru was noncommittal.
You were not hungry.

You visited 1 branch of the dungeon, and saw 4 of its levels.

You collected 197 gold pieces.

Inventory:

Hand Weapons
 a - a +0 war axe
 o - a +1 war axe of chopping (weapon)
Armour
 b - a +0 scale mail
 c - a +0 shield (worn)
 e - a +0 plate armour (worn)
 g - a +0 cloak (worn)
Jewellery
 r - a ring of resist corrosion (left hand)
Scrolls
 h - 4 scrolls of remove curse
 i - a scroll of noise {unknown}
 j - 2 scrolls of amnesia
 k - a scroll of blinking
 l - a scroll of teleportation
 n - a scroll of fear {unknown}
 s - 3 scrolls of enchant armour {unknown}
 t - 2 scrolls of identify
 v - 2 scrolls of immolation {unknown}
Potions
 d - 2 potions of might
 m - 3 potions of magic {unknown}
 q - 2 potions of cancellation {unknown}
 u - a potion of flight {unknown}
 w - 2 potions of lignification {unknown}
Comestibles
 f - 3 rations
 p - a chunk of flesh


   Skills:
 + Level 3.4 Fighting
 + Level 3.9 Axes
 + Level 3.6 Armour
 + Level 3.8 Shields


You had 4 spell levels left.
You didn't know any spells.
Your spell library was empty.

Dungeon Overview and Level Annotations

Branches:
Dungeon (4/15)
 Temple: D:4-7

Altars:
Dithmenos
Okawaru

Shops:
D:4 =


Innate Abilities, Weirdness & Mutations

You are partially covered in rugged brown scales. (AC +1, +3% HP)
You regenerate a little health from kills.


Message History

You hit the ogre.
The ogre is lightly wounded.
You block the ogre's attack.
You hit the ogre.
The ogre is moderately wounded.
The ogre hits you with a +0 giant club!
* * * LOW HITPOINT WARNING * * *
You are too injured to fight recklessly!
You are too injured to fight recklessly!
You are too injured to fight recklessly!
You are too injured to fight recklessly!
You are too injured to fight recklessly!
You are too injured to fight recklessly!
You are too injured to fight recklessly!
You are too injured to fight recklessly!
You are too injured to fight recklessly!
You hit the ogre.
The ogre is heavily wounded.
The ogre hits you with a +0 giant club!
You die...

#.###...# #.
#.#..>)....
#............
.
#.#.##.....%.
... #.#.#
$.##### ..
###?#.# ..# .
#..∩..# .>#
#.#.#.....#
#.#@#......
#..O# ##.##
##... ..
#..## # #...
.... #..#
..##


You could see an ogre.

Vanquished Creatures
  Jessica (D:2)
  A worker ant (D:4)
  2 adders
  6 gnolls
  6 worms
  A dart slug (D:2)
  2 leopard geckos
  2 orcs
  7 bats
  5 giant cockroaches
  14 goblins
  10 hobgoblins
  12 jackals
  9 kobolds
  5 quokkas
  4 frilled lizards
  11 rats
98 creatures vanquished.

Notes
Turn   | Place    | Note
-------+----------+-------------------------------------------
     0 | D:1      | galech the Demonspawn Fighter began the quest for the Orb.
     0 | D:1      | Reached XP level 1. HP: 18/18 MP: 1/1
   284 | D:1      | Gained mutation: You regenerate a little health from kills.
                  | [demonic ancestry]
   284 | D:1      | Reached XP level 2. HP: 15/24 MP: 2/2
   608 | D:1      | Reached XP level 3. HP: 28/29 MP: 3/3
  1320 | D:2      | Noticed Jessica
  1347 | D:2      | Killed Jessica
  1347 | D:2      | Reached XP level 4. HP: 4/35 MP: 4/4
  2293 | D:2      | Gained mutation: You are partially covered in rugged brown
                  | scales. (AC +1, +3% HP) [demonic ancestry]
  2293 | D:2      | Reached XP level 5. HP: 28/42 MP: 5/5
  2712 | D:3      | Found a shadowy altar of Dithmenos.
  2834 | D:3      | Found an iron altar of Okawaru.
  2865 | D:3      | Became a worshipper of Warmaster Okawaru
  3498 | D:4      | Found Ephoed's Jewellery Shop.
  3504 | D:4      | Noticed an ogre
  3512 | D:4      | Slain by an ogre

Levels and vault maps discovered:
D:1:      elethiomel_arrival_diamonds, layout_loops_ring,
          minmay_misc_feat_plants, chequers_big_river, minmay_misc_feat_square,
          minmay_pentomino_t4
D:2:      layout_basic, uniq_jessica
D:3:      layout_loops_ring, grunt_dithmenos_smoke, okawaru_trees_2
D:4:      layout_basic, tso_oasis_becter, led_sif_pool, serial_shops,
          nicolae_shop_crystal

Skill      XL: |  1  2  3  4 |
---------------+-------------+-----
Armour         | 3 |  3.6
Axes           | 2 3 |  3.9
Shields        | 3 |  3.8
Fighting       | |  3.4

Action                   |  1- 3 |  4- 6 || total
-------------------------+-------+-------++-------
Melee: War axe           |   141 |   183 ||   324
  Use: Scroll            |       |     4 ||     4
  Eat: Chunk             |     2 |     7 ||     9
Armor: Scale mail        |    14 |       ||    14
       Plate armour      |   166 |   121 ||   287
Dodge: Dodged            |    20 |    25 ||    45
Block: Shield            |   114 |    89 ||   203

Table legend:
 A = Non-vault XP
 B = Vault XP
 C = Vault XP percentage of total XP
 D = Non-vault monster count
 E = Vault monster count
 F = Vault count percentage of total count
                 A         B        C        D         E       F
            +---------+---------+-------+---------+---------+-------
      Total |     308 |      51 |  14.2 |      88 |      10 |  10.2
            +---------+---------+-------+---------+---------+-------
        D:1 |      40 |      14 |  25.9 |      21 |       9 |  30.0
        D:2 |      88 |      37 |  29.6 |      33 |       1 |   2.9
        D:3 |     124 |       0 |   0.0 |      30 |       0 |   0.0
        D:4 |      56 |       0 |   0.0 |       4 |       0 |   0.0
            +---------+---------+-------+---------+---------+-------
